 Dungeon Crawl Stone Soup version 0.28-a0-535-g6f645e4c1d (webtiles) character file.

Game seed: 12326211166470616387

120 heikuro the Chopper (level 4, -3/41 HPs)
             Began as a Minotaur Fighter on Sept 26, 2021.
             Slain by Sigmund (6 damage)
             ... on level 3 of the Dungeon.
             The game lasted 00:02:54 (2306 turns).

heikuro the Chopper (Minotaur Fighter)              Turns: 2306, Time: 00:02:55

Health: -3/41      AC: 12    Str: 22    XL:     4   Next: 75%
Magic:  3/3        EV:  6    Int:  5    God:
Gold:   100        SH:  4    Dex:  9    Spells: 3/3 levels left

rFire   . . .      SeeInvis .   a - +0 war axe
rCold   + . .      Faith    .   c - +0 buckler
rNeg    . . .      Spirit   .   m - +0 plate armour
rPois   .          Reflect  .   (helmet restricted)
rElec   .          Harm     .   (no cloak)
rCorr   .          Rampage  .   (no gloves)
Will    .....                   (no boots)
Stlth   ..........              (no amulet)
HPRegen 0.13/turn               n - ring of protection from cold
MPRegen 0.08/turn               (no ring)

@: no status effects
A: horns 2, retaliatory headbutt
a: no special abilities


You were on level 3 of the Dungeon.
You visited 1 branch of the dungeon, and saw 3 of its levels.

You collected 100 gold pieces.

Inventory:

Hand Weapons
 a - a +0 war axe (weapon)
Missiles
 k - 22 poisoned darts (quivered)
Armour
 c - a +0 buckler (worn)
 m - a +0 plate armour (worn)
Jewellery
 n - a ring of protection from cold (left hand)
Scrolls
 b - a scroll of amnesia {unknown}
 e - a scroll of teleportation {unknown}
 f - a scroll of holy word {unknown}
 g - 3 scrolls of identify {unknown}
 h - a scroll of magic mapping {unknown}
 l - a scroll of acquirement {unknown}
 p - a scroll of enchant armour {unknown}
 q - a scroll of silence {unknown}
Potions
 d - a potion of might
 i - a potion of curing {unknown}
 j - a potion of brilliance {unknown}
 o - a potion of ambrosia {unknown}


   Skills:
 + Level 4.4 Fighting
 * Level 4.5 Axes
 + Level 4.4 Armour
 - Level 4.0 Shields


You had 3 spell levels left.
You didn't know any spells.
Your spell library contained the following spells:

 Spells                   Type           Power      Damage    Failure   Level
 Animate Skeleton         Necr           0%         N/A       100%        1
 Apportation              Tloc           0%         N/A       100%        1
 Summon Small Mammal      Summ           0%         N/A       100%        1
 Static Discharge         Conj/Air       0%         N/A       100%        2
 Lightning Bolt           Conj/Air       0%         1d11      100%        5
 Maxwell's Capacitive Co  Air            0%         ∞         100%        8


Dungeon Overview and Level Annotations

Branches:
Dungeon (3/15)

Altars:
Gozag
Hepliaklqana
Wu Jian

Annotations:
D:3 Sigmund


Innate Abilities, Weirdness & Mutations

You have a pair of horns on your head.
You reflexively headbutt those who attack you in melee.


Message History

Sigmund completely misses you.
You slash Sigmund!
Sigmund is moderately wounded.
Sigmund hits you but does no damage.
Your plate armour prevents you from hitting Sigmund.
Your headbutt misses Sigmund.
Sigmund is moderately wounded.
Sigmund closely misses you.
You closely miss Sigmund.
Sigmund is moderately wounded.
You barely miss Sigmund.
Sigmund is moderately wounded.
Sigmund casts a spell.
Sigmund flickers and vanishes!
Deactivating autopickup; reactivate with Ctrl-A.
You hear some strange, mumbled words.
A magic dart appears from out of thin air!
The magic dart hits you.
You hit something. Something hits you but does no damage.
You closely miss something. Your headbutt misses something.
You hear some strange, mumbled words.
You are confused.
You closely miss something. Your headbutt misses something. Something hits you.
You bump into the rock wall.
Something hits you!
You miss something. Something hits you.
You bump into the rock wall.
You feel less confused. Something hits you but does no damage.
Okay, then.
Unknown command.
You hit something. Your headbutt misses something. Something hits you.
* * * LOW HITPOINT WARNING * * *
You miss something.
You hear some strange, mumbled words.
A puff of flame appears from out of thin air!
The puff of flame hits you!
* * * LOW HITPOINT WARNING * * *
Something hits you.
You die...

#...........#..
#........##.#..
######...........###
#.......###'###.....
#.#######P....#.#...
#.# #...#.....#.....
#.###...#....P#..##.
#.#.....#.....#..##.
#.#@#...##...##..##.
#>#{#...###.###.....
##.#.#.### #_# #.....
#..#.#...###.###.....
##.#.##..##...##...#.
#........#....P#...#.
#....#...#.....#.###.
##.###.#.#.....#.# #.
#.#...#.#P.P..#####.


There were no monsters in sight!

Vanquished Creatures
  A jelly (D:3)
  An adder (D:3)
  A worm (D:3)
  6 dart slugs
  2 orcs (D:3)
  2 ball pythons (D:2)
  9 bats
  4 endoplasms
  7 giant cockroaches
  6 goblins
  3 hobgoblins (D:1)
  7 frilled lizards
  4 kobolds
  11 rats
64 creatures vanquished.

Vanquished Creatures (others)
  12 plants (D:3)
  9 withered plants (D:3)
21 creatures vanquished.

Grand Total: 85 creatures vanquished

Notes
Turn   | Place    | Note
-------+----------+-------------------------------------------
     0 | D:1      | heikuro the Minotaur Fighter began the quest for the Orb.
     0 | D:1      | Reached XP level 1. HP: 19/19 MP: 0/0
    65 | D:1      | Reached XP level 2. HP: 24/27 MP: 1/1
   470 | D:1      | Reached XP level 3. HP: 30/33 MP: 2/2
  1525 | D:3      | Reached XP level 4. HP: 31/40 MP: 3/3
  1594 | D:3      | Found an ornate altar of the Wu Jian Council.
  1638 | D:3      | Found a faded altar of an unknown god.
  1681 | D:3      | Found an opulent altar of Gozag.
  1832 | D:3      | Found a hazy altar of Hepliaklqana.
  2291 | D:3      | Noticed Sigmund
  2306 | D:3      | Slain by Sigmund

Illustrated notes

Levels and vault maps discovered:
D:1:      scummos_arrival_hexagon, layout_basic
D:2:      layout_basic
D:3:      layout_basic, mainiacjoe_overflow_small_starburst,
          nicolae_hepliaklqana_hazy_memory, nicolae_overflow_crystal_walls,
          shapermc_ecumenical_altar_flowoftime, serial_shops, shop, st_stairs_3,
          uniq_sigmund

Skill      XL: |  1  2  3 |
---------------+----------+-----
Axes           | 3 4 |  4.5
Fighting       | 4 |  4.4
Armour         | 4 |  4.4
Shields        | 4 |  4.0

Action                   |  1- 3 |  4- 6 || total
-------------------------+-------+-------++-------
Melee: War axe           |    91 |    67 ||   158
       Headbutt          |     9 |    14 ||    23
Armor: Scale mail        |    12 |       ||    12
       Chain mail        |    25 |       ||    25
       Plate armour      |    16 |    13 ||    29
Dodge: Dodged            |    39 |     9 ||    48
Block: Buckler           |    30 |     1 ||    31

Table legend: (Time is in decaauts)
 A = Elapsed time spent in this place.
 B = Non-inter-level travel time spent in this place.
 C = Inter-level travel time spent in this place.
 D = Time resting spent in this place.
 E = Time spent auto-exploring this place.
 F = Levels seen in this place.
 G = Mean time per level.
                   A        B        C        D        E       F      G
               +--------+--------+--------+--------+--------+-----+--------+
         Total |   2357 |   2262 |     95 |    156 |   1524 |   3 |  785.7 |
       Dungeon |   2357 |   2262 |     95 |    156 |   1524 |   3 |  785.7 |
               +--------+--------+--------+--------+--------+-----+--------+

Top non-repeatable levels by time:
     D:2: 927 daAuts
     D:3: 786 daAuts
     D:1: 643 daAuts
